 Dungeon Crawl Stone Soup version 0.27.0-1-g7a089689b8 (webtiles) character file.

Game seed: 314368387505949541

1887 mainiacjoe the Quickloader (level 9, -5/59 HPs)
             Began as a Gargoyle Hunter on Aug 14, 2021.
             Splashed by an orc priest's acid (14 damage)
             ... on level 6 of the Dungeon.
             The game lasted 00:13:14 (7264 turns).

mainiacjoe the Quickloader (Gargoyle Hunter)        Turns: 7264, Time: 00:13:14

Health: -5/59      AC: 12    Str: 19    XL:     9   Next: 14%
Magic:  9/9        EV: 11    Int: 12    God:
Gold:   61         SH:  0    Dex: 10    Spells: 8/8 levels left

rFire    . . .     SeeInvis .   a - +4 scimitar "Udaaciqe" {speed, rC++}
rCold    + + .     Faith    .   (no shield)
rNeg     + . .     Spirit   .   g - +0 ring mail
rPois    ∞         Reflect  .   s - +0 helmet
rElec    +         Harm     .   M - +0 cloak
rCorr    .         Rampage  .   o - +2 pair of gloves
Will     .....                  (no boots)
Stlth    +.........             (no amulet)
HPRegen  0.19/turn              (no ring)
MPRegen  0.11/turn              (no ring)

@: corroded
A: sickness immunity, AC +6, negative energy resistance 1, electricity
resistance, torment resistance 1, petrification resistance
a: no special abilities


You were on level 6 of the Dungeon.
You visited 1 branch of the dungeon, and saw 6 of its levels.

You collected 259 gold pieces.
You spent 198 gold pieces at shops.

Inventory:

Hand Weapons
 a - the +4 scimitar "Udaaciqe" (weapon) {speed, rC++}
   (You bought it in a shop on level 5 of the Dungeon)

   Attacks with this weapon are significantly faster.
   rC:        It greatly protects you from cold.
 b - a +0 hunting sling
 l - a +0 short sword
 n - a +0 long sword
 v - a +3 whip
 E - a +3 mace of venom
 G - a +1 hand crossbow
 N - the +7 war axe of the Establishment {vorpal, *Noise rElec rN+}
   (You found it on level 5 of the Dungeon)

   It inflicts extra damage upon your enemies.
   rElec:     It insulates you from electricity.
   rN:        It protects you from negative energy.
   *Noise:    It may make noises in combat.
Missiles
 d - 11 bolts
 e - 108 stones (quivered)
 f - 86 arrows
Armour
 c - a +0 leather armour
 g - a +0 ring mail (worn)
 j - a +0 chain mail
 o - a +2 pair of gloves (worn)
 r - a +0 animal skin
 s - a +0 helmet (worn)
 M - a +0 cloak (worn)
Jewellery
 x - a ring of fire
 F - a +6 ring of dexterity
 L - a ring of magical power
Wands
 q - a wand of digging (2)
Scrolls
 h - a scroll of amnesia {unknown}
 i - a scroll of enchant weapon {unknown}
 k - 3 scrolls of magic mapping
 w - a scroll of noise {unknown}
 y - a scroll of identify
 C - a scroll of torment {unknown}
 H - a scroll of fog {unknown}
 I - 3 scrolls of teleportation
 J - a scroll of enchant armour {unknown}
 K - a scroll of fear {unknown}
Potions
 m - a potion of flight {unknown}
 p - 4 potions of mutation
 t - a potion of cancellation {unknown}
 u - a potion of lignification {unknown}
 z - 2 potions of heal wounds {unknown}
 A - a potion of might {unknown}
 D - a potion of curing


   Skills:
 + Level 7.9 Fighting
 + Level 1.2 Long Blades
 - Level 10.0 Crossbows
 - Level 1.5 Dodging
 - Level 1.1 Stealth


You had 8 spell levels left.
You didn't know any spells.
Your spell library contained the following spells:

 Spells                   Type           Power      Damage    Failure   Level
 Wereblood                Tmut           0%         N/A       65%         2
 Frozen Ramparts          Ice            0%         1d2       86%         3
 Gell's Gravitas          Tloc           0%         N/A       86%         3
 Teleport Other           Tloc           0%         N/A       86%         3
 Ice Form                 Ice/Tmut       0%         N/A       99%         4
 Summon Ice Beast         Ice/Summ       0%         N/A       99%         4
 Dispersal                Tloc           0%         N/A       100%        6
 Summon Hydra             Summ           0%         N/A       100%        7
 Sublimation of Blood     Necr           Unusable   N/A       N/A         2

Dungeon Overview and Level Annotations

Branches:
Dungeon (6/15)             Temple (0/1) D:6

Altars:
Qazlal
Sif Muna
Beogh

Shops:
D:5 (

Annotations:
D:3 3 runed translucent doors, SkeletonJelly's ghost, amateur DrMo
D:5 3 runed translucent doors, exclusion: door, mhtbhm's ghost, novice MiBe


Innate Abilities, Weirdness & Mutations

You are immune to sickness and miasma.
Your stone body is resilient. (AC +6)
You are immune to poison.
You resist negative energy. (rN+)
You are resistant to electric shocks. (rElec)
You are resistant to unholy torment.
You are immune to petrification.


Message History

An orc priest comes into view.
It is wielding a +0 whip and carrying a wand of acid (8).
The orc priest shouts!
You throw a poisoned dart. The poisoned dart hits the orc priest.
You throw a poisoned dart.
The poisoned dart closely misses the orc priest.
The orc priest calls down the wrath of Beogh upon you.
Beogh smites you!
You hear a shout!
You throw a poisoned dart.
The poisoned dart closely misses the orc priest.
The orc priest calls down the wrath of Beogh upon you.
You struggle to resist.
You throw a poisoned dart. The poisoned dart hits the orc priest.
The orc priest is poisoned.
You throw a stone.
The stone hits the orc priest but does no damage.
An orc wizard comes into view. It is wielding a +0 dagger.
You throw a stone. The orc wizard shouts!
The stone hits the orc priest but does no damage.
The orc priest zaps a wand.
The bolt of acid hits you.
You are splashed with acid!
You are too injured to fight recklessly!
You are too injured to fight recklessly!
You are too injured to fight recklessly!
You are too injured to fight recklessly!
Unknown command.
There is an open door here.
The orc priest zaps a wand.
The bolt of acid misses you.
The orc priest looks more healthy.
The orc wizard mumbles some strange words.
The orc wizard flickers and vanishes!
Deactivating autopickup; reactivate with Ctrl-A.
The orc priest calls down the wrath of Beogh upon you.
Beogh smites you!
There is a staircase to the Ecumenical Temple here.
The orc priest zaps a wand.
The bolt of acid hits you!
* * * LOW HITPOINT WARNING * * *
The acid corrodes you!
You are splashed with acid!
You die...

...#..#......#'##########
...#..###'##............#
...#.......#............#
...#.......#............#
...#.......+............#
...#####...#............#######
.......#...#.....####'###.##..#
)......#...#######.....#......#
###....'...o....@......#......#
#....#........##....##..##..#
#....#........##....##..#####
#....######....'........#
#.(.... ######........#
#.(..... ####<.#..# #.o......
#....##### #........ ##...#
.....#'. ##..#


You could see an orc priest.

Vanquished Creatures
  Grinder (D:3)
  Sigmund (D:3)
  Menkaure (D:5)
  A water moccasin (D:5)
  2 orc warriors
  2 necrophages (D:5)
  A phantom (D:6)
  A bullfrog (D:6)
  A kobold brigand (D:4)
  A scorpion (D:5)
  2 centaur zombies (D:6)
  4 orc priests
  4 hounds
  Crazy Yiuf (D:6)
  Terence (D:3)
  2 orc wizards (D:6)
  Natasha (D:2)
  Robin (D:2)
  8 adders
  2 howler monkey skeletons (D:4)
  An ufetubus (D:5)
  3 worms
  3 dart slugs
  10 orcs
  5 endoplasms
  4 giant cockroaches
  18 goblins
  12 hobgoblins
  9 jackals
  6 kobolds
  4 quokkas
  4 ball pythons
  7 bats
  2 frilled lizards
  A jackal skeleton (D:4)
  2 rats (D:1)
129 creatures vanquished.

Vanquished Creatures (others)
  7 fungi (D:3)
  6 plants
13 creatures vanquished.

Grand Total: 142 creatures vanquished

Notes
Turn   | Place    | Note
-------+----------+-------------------------------------------
     0 | D:1      | mainiacjoe the Gargoyle Hunter began the quest for the Orb.
     0 | D:1      | Reached XP level 1. HP: 12/12 MP: 1/1
   160 | D:1      | Reached XP level 2. HP: 10/18 MP: 2/2
   672 | D:1      | You fall into a shaft and drop 1 floor!
  1086 | D:1      | Reached XP level 3. HP: 22/22 MP: 3/3
  1554 | D:2      | Reached skill level 5 in Crossbows
  1779 | D:2      | Reached XP level 4. HP: 28/28 MP: 4/4
  1889 | D:2      | Noticed Robin
  1898 | D:2      | Killed Robin
  2172 | D:2      | Noticed Natasha
  2176 | D:2      | Killed Natasha
  2179 | D:2      | Reached XP level 5. HP: 21/32 MP: 5/5
  2828 | D:3      | Reached skill level 6 in Crossbows
  3106 | D:3      | Found a runed translucent gate.
  3106 | D:3      | Found a runed translucent gate.
  3107 | D:3      | Found a runed translucent gate.
  3108 | D:3      | Noticed SkeletonJelly's ghost (amateur DrMo)
  3237 | D:3      | Noticed Grinder
  3244 | D:3      | Killed Grinder
  3245 | D:3      | Reached XP level 6. HP: 34/39 MP: 6/6
  3345 | D:3      | Noticed Sigmund
  3354 | D:3      | Killed Sigmund
  3355 | D:3      | Reached skill level 5 in Fighting
  3355 | D:3      | Reached skill level 7 in Crossbows
  3355 | D:3      | Reached XP level 7. HP: 43/44 MP: 7/7
  3380 | D:3      | Noticed Terence
  3387 | D:3      | Killed Terence
  3602 | D:3      | Found a faded altar of an unknown god.
  3932 | D:3      | Reached skill level 8 in Crossbows
  4563 | D:4      | Reached XP level 8. HP: 49/51 MP: 8/8
  4610 | D:4      | You fall into a shaft and drop 2 floors!
  4621 | D:6      | Found a stormy altar of Qazlal.
  4960 | D:6      | Found a runed translucent door.
  4987 | D:5      | Entered Level 5 of the Dungeon
  5036 | D:5      | Found Fenuaduf's Antique Weapon Boutique.
  5246 | D:5      | Identified the +7 war axe of the Establishment {vorpal,
                  | *Noise rElec rN+}
  5494 | D:5      | Reached skill level 9 in Crossbows
  5854 | D:5      | Found a shimmering blue altar of Sif Muna.
  5937 | D:5      | Found a runed translucent gate.
  5938 | D:5      | Found a runed translucent gate.
  5940 | D:5      | Found a runed translucent gate.
  5940 | D:5      | Noticed mhtbhm's ghost (novice MiBe)
  5945 | D:5      | Identified the +6 mace "Xoniga Minir" {vorpal, Dex+4}
  5977 | D:5      | Noticed Menkaure
  5997 | D:5      | Killed Menkaure
  6853 | D:6      | Noticed Crazy Yiuf
  6858 | D:6      | Killed Crazy Yiuf
  6972 | D:6      | Reached skill level 10 in Crossbows
  6972 | D:6      | Reached XP level 9. HP: 57/57 MP: 9/9
  7007 | D:5      | Bought a masterwork scimitar for 198 gold pieces
  7007 | D:5      | Identified the +4 scimitar "Udaaciqe" {speed, rC++} (You
                  | bought it in a shop on level 5 of the Dungeon)
  7181 | D:6      | Reached skill level 1 in Long Blades
  7197 | D:6      | Found a staircase to the Ecumenical Temple.
  7264 | D:6      | Splashed by an orc priest's acid

Illustrated notes

Levels and vault maps discovered:
D:1:      evilmike_arrival_rings, layout_loops_ring
D:2:      layout_rooms, uniq_robin, uniq_natasha
D:3:      layout_loops_ring, dreamdust_ecumenical_altar_hidden_monk_grotto,
          gammafunk_ghost_necromancy, grunt_ministairs_8, uniq_grinder,
          uniq_terence, uniq_sigmund
D:4:      layout_basic, hangedman_decor_points
D:5:      layout_basic, led_sif_book, serial_bayou, serial_bayou_pond_a,
          serial_bayou_lagoon_a, serial_bayou_pond_d, serial_bayou_shore_a,
          serial_bayou_pond_d, biasface_ghost_orc_armoury, serial_shops, shop,
          uniq_menkaure
D:6:      minmay_recursive_quarters, layout_gridville,
          okawaru_altar_gauntlet_db, nicolae_qazlal_scattered_showers,
          dk_noncrumbling_3, hangedman_decor_opposing, uniq_crazy_yiuf_cottage,
          uniq_maggie

Skill      XL: |  1  2  3  4  5  6  7  8  9 |
---------------+----------------------------+-----
Fighting       | 3 4 5 7 |  7.9
Crossbows      | 5 6 7 8 10 | 10.0
Long Blades    | 1 |  1.2
Dodging        | |  1.5
Stealth        | |  1.1

Action                   |  1- 3 |  4- 6 |  7- 9 || total
-------------------------+-------+-------+-------++-------
Melee: Short sword       |   111 |       |       ||   111
       Whip              |    39 |   110 |     2 ||   151
       Mace              |       |       |    75 ||    75
       War axe           |       |       |    39 ||    39
       Scimitar          |       |       |    19 ||    19
 Fire: Hand crossbow     |    11 |    30 |    36 ||    77
       Hunting sling     |       |       |    13 ||    13
Throw: Stone             |    76 |    73 |    41 ||   190
       Dart              |       |       |    18 ||    18
  Use: Scroll            |     2 |     1 |     1 ||     4
 Stab: Sleeping          |     1 |       |       ||     1
Armor: Leather armour    |    16 |       |       ||    16
       Chain mail        |    58 |       |       ||    58
       Ring mail         |    33 |    70 |    96 ||   199
Dodge: Dodged            |    69 |    50 |   106 ||   225
       Rpst.: Scimitar   |       |       |     4 ||     4
